 Dungeon Crawl Stone Soup version 0.31-a0-819-gf6de2f5ab6 (webtiles) character file.

Game seed: 8079355988995398554

2421 qw the Skirmisher (level 9, -2/57 HPs)
             Began as a Gargoyle Hunter on Sept 23, 2023.
             Slain by Jeremiah
             ... wielding a +4 trident of draining
              (6 damage)
             ... on level 7 of the Dungeon.
             The game lasted 00:03:04 (5771 turns).

qw the Skirmisher (Gargoyle Hunter)                 Turns: 5771, Time: 00:03:05

Health: -2/57      AC: 17    Str: 16    XL:     9   Next: 48%
Magic:  18/18      EV: 12    Int:  9    God:
Gold:   316        SH:  0    Dex: 17    Spells: 8/8 levels left

rFire   + . .        j - +0 orcbow
rCold   . . .        (shield currently unavailable)
rNeg    + . .        h - +3 ring mail "Plog" {Contam rC- Regen+ MP+9}
rPois   inf          (no helmet)
rElec   +            i - scarf {rC+ rF+}
rCorr   .            a - +2 pair of gloves
SInv    .            (no boots)
Will    .....        (no amulet)
Stlth   +            (no ring)
HPRegen 1.09/turn    (no ring)
MPRegen 0.16/turn

%: no passive effects
@: no status effects
A: sickness immunity, AC +6, negative energy resistance 1, electricity
resistance, torment resistance 1, petrification resistance
a: no special abilities


You were on level 7 of the Dungeon.
You visited 1 branch of the dungeon, and saw 7 of its levels.
You also visited: Sewer.

You collected 316 gold pieces.


Innate Abilities, Weirdness & Mutations

You are immune to sickness and miasma.
Your stone body is resilient. (AC +6)
You are immune to poison.
You resist negative energy. (rN+)
You are resistant to electric shocks. (rElec)
You are resistant to unholy torment.
You are immune to petrification.


   Skills:
 - Level 7.1 Fighting
 - Level 10.3 Ranged Weapons
 + Level 1.0 Armour
 - Level 4.4 Dodging
 - Level 1.1 Stealth


You had 8 spell levels left.
You didn't know any spells.
Your spell library was empty.

Inventory:

Hand Weapons
 j - a +0 orcbow (weapon)
Armour
 a - a +2 pair of gloves (worn)
 h - the +3 ring mail "Plog" (worn) {Contam rC- Regen+ MP+9}
   (You found it on level 6 of the Dungeon)

   rC-:       It makes you vulnerable to cold.
   MP+9:      It affects your magic capacity (+9).
   Contam:    It causes magical contamination when unequipped.
   Regen+:    It increases your rate of health regeneration.
 i - a scarf of resistance (worn)
Jewellery
 b - a ring of fire
Scrolls
 d - 2 scrolls of enchant armour
 g - a scroll of identify
Potions
 c - a potion of might
 f - a potion of haste
 l - a potion of cancellation
 m - a potion of ambrosia {unknown}
 n - a potion of enlightenment {unknown}

Dungeon Overview and Level Annotations

Branches:
Dungeon (7/15)              Sewer (visited)
 Temple: D:4-7

Altars:
Cheibriados
Hepliaklqana
Nemelex Xobeh
Ru
Wu Jian
Yredelemnul

Shops:
D:6 (

Annotations:
D:3 3 runed translucent doors, exclusion: orc wizard, qw's ghost, amateur GrHu
D:7 Jeremiah


Message History

The butterfly disappears in a burst of colours! x2
The butterfly disappears in a burst of colours!
Jeremiah hops!
You shoot an arrow. The arrow hits Jeremiah.
Jeremiah is moderately wounded.
The butterfly disappears in a burst of colours! x3
Jeremiah hits you but does no damage.
The butterfly disappears in a burst of colours! x2
Jeremiah hits you but does no damage.
The butterfly disappears in a burst of colours!
Jeremiah asks, "Where am I?
Why are you fighting me?"
Jeremiah hits you from afar with a +4 trident of draining!
The butterfly disappears in a burst of colours!
Jeremiah shouts, "O dreadful one, destroy my foe!"
Something smites you!
The butterfly disappears in a burst of colours!
Jeremiah hits you from afar with a +4 trident of draining.
The butterfly disappears in a burst of colours!
Jeremiah closely misses you.
The butterfly disappears in a burst of colours!
Jeremiah hits you but does no damage.
The butterfly disappears in a burst of colours!
Jeremiah hits you but does no damage.
Jeremiah hits you from afar with a +4 trident of draining!
The butterfly disappears in a burst of colours!
Jeremiah misses you. Jeremiah closely misses you.
You shoot an arrow. The arrow closely misses the butterfly.
Jeremiah hits you from afar with a +4 trident of draining!
Jeremiah hits you but does no damage.
The butterfly disappears in a burst of colours!
Jeremiah throws their arms up pleadingly.
Something smites you! Jeremiah hits you but does no damage.
Jeremiah hits you but does no damage.
The butterfly disappears in a burst of colours!
Jeremiah hits you from afar with a +4 trident of draining.
Jeremiah hits you from afar with a +4 trident of draining.
You die...
Jeremiah asks, "What happened?
Did... did you die?" .. . ####. bbb.

b.# #b#
#F## #bb#
##@##
#..#
##<##
#..#
##...#
#......
#......#
#........
#########


You could see Jeremiah.

Vanquished Creatures
  Pikel (D:6)
  A steam dragon (D:6)
  4 ice beasts
  Pargi (Sewer)
  2 black bears (D:5)
  3 ogres
  A phantom (D:5)
  A centaur (D:6)
  A gnoll sergeant (D:5)
  3 scorpions
  3 hounds
  2 orc priests
  3 iguanas
  A sleepcap (D:5)
  Jessica (D:3)
  4 orc wizards
  4 gnolls (D:5)
  7 adders
  2 white imps
  4 worms
  2 dart slugs
  16 orcs
  10 bats
  2 endoplasms (D:2)
  3 giant cockroaches
  3 goblins
  2 hobgoblins
  10 jackals
  8 kobolds
  4 quokkas
  8 ball pythons
  3 frilled lizards
  2 rats
122 creatures vanquished.

Notes
Turn   | Place    | Note
-------+----------+-------------------------------------------
     0 | D:1      | qw the Gargoyle Hunter began the quest for the Orb.
     0 | D:1      | Reached XP level 1. HP: 12/12 MP: 1/1
     0 | D:1      | 0 ||| qw: Version: 0.3-a-83-gcd0e7d8
     0 | D:1      | 0 ||| qw: Game counter: 1429
     0 | D:1      | 0 ||| qw: Melee chars always use a shield: true
     0 | D:1      | 0 ||| qw: God list: Okawaru
     0 | D:1      | 0 ||| qw: Allow faded altars: false
     0 | D:1      | 0 ||| qw: Do Orc after clearing Dungeon:15 true
     0 | D:1      | 0 ||| qw: Do second Lair branch before Depths: true
     0 | D:1      | 0 ||| qw: Lair rune preference: random
     0 | D:1      | 0 ||| qw: Goals: Normal
     0 | D:1      | 0 ||| PLANNING D:1-11
   338 | D:1      | Reached XP level 2. HP: 17/17 MP: 2/2
   675 | D:1      | 675 ||| UPGRADING to +0 ring mail.
   685 | D:1      | 685 ||| DROPPING +0 leather armour.
   686 | D:1      | 686 ||| DROPPING amulet of magic regeneration.
   687 | D:1      | 687 ||| READING scroll labelled HOGRIE MUNO.
   688 | D:1      | 688 ||| READING scroll labelled ZEAKHE SOKKIA.
   689 | D:1      | 689 ||| READING scroll labelled XAATSI GIACLA.
   690 | D:1      | 690 ||| READING 3 scrolls labelled BICEIN BEQ ADU.
   691 | D:1      | 691 ||| READING 2 scrolls of identify.
   691 | D:1      | 691 ||| IDENTIFYING coppery potion
   692 | D:1      | 692 ||| DROPPING scroll of butterflies.
   727 | D:2      | 727 ||| STAIRDANCE
   762 | D:2      | 762 ||| Stepping ~*~*~tactically~*~*~ (retreating).
   765 | D:2      | Reached skill level 1 in Armour
   765 | D:2      | Reached XP level 3. HP: 21/21 MP: 3/3
   835 | D:2      | Reached skill level 5 in Ranged Weapons
   981 | D:2      | Reached XP level 4. HP: 27/27 MP: 4/4
  1077 | D:2      | Found the +8 trident of the Octopus King {venom, rElec
                  | rPois}
  1178 | D:2      | 1178 ||| READING 2 scrolls labelled QUTTUI NAHAIBB.
  1183 | D:2      | 1183 ||| READING 2 scrolls of identify.
  1183 | D:2      | 1183 ||| IDENTIFYING black potion
  1184 | D:2      | 1184 ||| DROPPING potion of degeneration.
  1196 | D:3      | 1196 ||| PLANNING SEWER
  1210 | D:3      | Reached skill level 3 in Fighting
  1254 | D:3      | Found a snail-covered altar of Cheibriados.
  1450 | D:3      | Noticed Jessica
  1456 | D:3      | 1456 ||| FLEEEEING.
  1457 | D:3      | 1457 ||| FLEEEEING.
  1458 | D:3      | 1458 ||| FLEEEEING.
  1459 | D:3      | 1459 ||| FLEEEEING.
  1460 | D:3      | 1460 ||| FLEEEEING.
  1461 | D:3      | 1461 ||| FLEEEEING.
  1462 | D:3      | 1462 ||| FLEEEEING.
  1463 | D:3      | 1463 ||| FLEEEEING.
  1464 | D:3      | 1464 ||| FLEEEEING.
  1465 | D:3      | 1465 ||| FLEEEEING.
  1466 | D:3      | 1466 ||| FLEEEEING.
  1467 | D:3      | 1467 ||| FLEEEEING.
  1468 | D:3      | 1468 ||| FLEEEEING.
  1469 | D:3      | 1469 ||| FLEEEEING.
  1470 | D:3      | 1470 ||| FLEEEEING.
  1471 | D:3      | 1471 ||| FLEEEEING.
  1472 | D:3      | 1472 ||| FLEEEEING.
  1473 | D:3      | 1473 ||| FLEEEEING.
  1474 | D:3      | 1474 ||| FLEEEEING.
  1475 | D:3      | 1475 ||| FLEEEEING.
  1476 | D:3      | 1476 ||| FLEEEEING.
  1477 | D:3      | 1477 ||| FLEEEEING.
  1478 | D:3      | 1478 ||| FLEEEEING.
  1479 | D:3      | 1479 ||| FLEEEEING.
  1480 | D:3      | 1480 ||| FLEEEEING.
  1481 | D:3      | 1481 ||| FLEEEEING.
  1482 | D:3      | 1482 ||| FLEEEEING.
  1483 | D:3      | 1483 ||| FLEEEEING.
  1484 | D:3      | 1484 ||| FLEEEEING.
  1485 | D:3      | 1485 ||| FLEEEEING.
  1486 | D:3      | 1486 ||| FLEEEEING.
  1487 | D:3      | 1487 ||| FLEEEEING.
  1488 | D:3      | 1488 ||| FLEEEEING.
  1489 | D:3      | 1489 ||| FLEEEEING.
  1490 | D:3      | 1490 ||| FLEEEEING.
  1491 | D:3      | 1491 ||| FLEEEEING.
  1492 | D:3      | 1492 ||| FLEEEEING.
  1493 | D:3      | 1493 ||| FLEEEEING.
  1494 | D:3      | 1494 ||| FLEEEEING.
  1495 | D:3      | 1495 ||| FLEEEEING.
  1496 | D:3      | 1496 ||| FLEEEEING.
  1497 | D:3      | 1497 ||| FLEEEEING.
  1498 | D:3      | 1498 ||| FLEEEEING.
  1499 | D:3      | 1499 ||| FLEEEEING.
  1500 | D:3      | 1500 ||| FLEEEEING.
  1501 | D:3      | 1501 ||| FLEEEEING.
  1502 | D:3      | 1502 ||| FLEEEEING.
  1503 | D:3      | 1503 ||| FLEEEEING.
  1504 | D:3      | 1504 ||| STAIRDANCE
  1530 | D:2      | 1530 ||| READING scroll labelled XUOC UJ WICVUAS.
  1533 | D:3      | 1533 ||| STAIRDANCE
  1577 | D:3      | 1577 ||| STAIRDANCE
  1587 | D:2      | Reached XP level 5. HP: 23/32 MP: 5/5
  1629 | D:3      | Killed Jessica
  1630 | D:3      | Reached skill level 6 in Ranged Weapons
  1671 | D:3      | Found a glowing drain.
  1680 | D:3      | 1680 ||| UPGRADING to +1 robe of cold resistance.
  1701 | D:3      | 1701 ||| Stepping ~*~*~tactically~*~*~ (water).
  1713 | Sewer    | Entered a sewer
  1738 | Sewer    | Noticed Pargi
  1759 | Sewer    | Killed Pargi
  1760 | Sewer    | Reached XP level 6. HP: 11/39 MP: 6/6
  1899 | Sewer    | 1899 ||| UPGRADING to +0 troll leather armour {Pargi}.
  1909 | Sewer    | 1909 ||| DROPPING +1 robe of cold resistance.
  1910 | Sewer    | 1910 ||| DROPPING +0 ring mail.
  1911 | Sewer    | 1911 ||| READING 2 scrolls of identify.
  1911 | Sewer    | 1911 ||| IDENTIFYING green potion
  1920 | D:3      | 1920 ||| PLANNING D:1-11
  2046 | D:3      | Found an ornate altar of the Wu Jian Council.
  2048 | D:3      | 2048 ||| READING scroll labelled TOUFAEPAGU.
  2048 | D:3      | Identified a scroll of acquirement
  2048 | D:3      | 2048 ||| ACQUIRING +0 orcbow of flaming
  2048 | D:3      | Acquired a +0 orcbow of flaming
  2064 | D:3      | Found a faded altar of an unknown god.
  2271 | D:3      | Found a runed translucent gate.
  2274 | D:3      | Found a runed translucent gate.
  2276 | D:3      | Noticed qw's ghost (amateur GrHu)
  2277 | D:3      | Found a runed translucent gate.
  2278 | D:3      | Identified the +5 hand axe "Patumn" {holy, Fly Dex+3}
  2278 | D:3      | Identified the +3 leather armour of the Baker {Regen+}
  2337 | D:3      | 2337 ||| FLEEEEING.
  2338 | D:3      | 2338 ||| FLEEEEING.
  2339 | D:3      | 2339 ||| FLEEEEING.
  2340 | D:3      | 2340 ||| FLEEEEING.
  2874 | D:4      | 2874 ||| DRINKING 2 potions of curing.
  2874 | D:4      | 2874 ||| (to cure confusion)
  3095 | D:4      | Found a hazy altar of Hepliaklqana.
  3267 | D:4      | Found a sacrificial altar of Ru.
  3342 | D:4      | Reached skill level 7 in Ranged Weapons
  3342 | D:4      | Reached XP level 7. HP: 44/44 MP: 7/7
  3952 | D:4      | 3952 ||| UPGRADING to +0 pair of gloves.
  3957 | D:4      | 3957 ||| READING 4 scrolls of enchant armour.
  3957 | D:4      | 3957 ||| ENCHANTING +0 pair of gloves.
  3958 | D:4      | 3958 ||| READING 3 scrolls of enchant armour.
  3958 | D:4      | 3958 ||| ENCHANTING +1 pair of gloves.
  3959 | D:4      | 3959 ||| READING scroll labelled UTROMNOAGIRPH.
  3960 | D:4      | 3960 ||| READING scroll labelled MUXIYNGOGA.
  3961 | D:4      | 3961 ||| READING scroll labelled PEMAM MUXUXT.
  3962 | D:4      | 3962 ||| DRINKING 3 brown potions.
  3963 | D:4      | 3963 ||| DROPPING 2 potions of attraction.
  4003 | D:5      | Entered Level 5 of the Dungeon
  4105 | D:5      | Reached skill level 8 in Ranged Weapons
  4128 | D:5      | HP: 9/44 [gnoll/+0 spear[a gnoll sergeant] (5)]
  4129 | D:5      | 4129 ||| READING 3 scrolls of teleportation.
  4130 | D:5      | 4130 ||| DRINKING 2 potions of heal wounds.
  4158 | D:5      | HP: 4/44 [ice beast (9)]
  4159 | D:5      | 4159 ||| READING 2 scrolls of teleportation.
  4160 | D:5      | 4160 ||| DRINKING potion of heal wounds.
  4214 | D:5      | Reached XP level 8. HP: 39/50 MP: 8/8
  4382 | D:5      | Reached skill level 9 in Ranged Weapons
  4444 | D:5      | Found a basalt altar of Yredelemnul.
  4472 | D:5      | Reached skill level 6 in Fighting
  4584 | D:5      | Found a sparkling altar of Nemelex Xobeh.
  4689 | D:5      | 4689 ||| READING scroll labelled OWAZYURCHYST.
  4690 | D:5      | 4690 ||| READING 2 scrolls labelled LAXKUKH SUONUE.
  4691 | D:5      | 4691 ||| READING scroll of enchant weapon.
  4691 | D:5      | 4691 ||| ENCHANTING +1 shortbow.
  4692 | D:5      | 4692 ||| READING 3 scrolls of identify.
  4692 | D:5      | 4692 ||| IDENTIFYING cyan potion
  4693 | D:5      | 4693 ||| READING 2 scrolls of identify.
  4693 | D:5      | 4693 ||| IDENTIFYING glowing green potion
  4694 | D:5      | 4694 ||| DROPPING potion of brilliance.
  4732 | D:6      | Identified the +3 ring mail "Plog" {Contam rC- Regen+ MP+9}
  4743 | D:6      | 4743 ||| Stepping ~*~*~tactically~*~*~ (cloud).
  4752 | D:6      | HP: 11/51 [steam dragon] (6)]
  4753 | D:6      | 4753 ||| READING scroll of teleportation.
  4756 | D:6      | 4756 ||| Stepping ~*~*~tactically~*~*~ (retreating).
  4757 | D:6      | HP: 9/51 [steam dragon] (2)]
  4814 | D:6      | 4814 ||| DRINKING potion of curing.
  4814 | D:6      | 4814 ||| (to cure confusion)
  4882 | D:6      | 4882 ||| FLEEEEING.
  4883 | D:6      | 4883 ||| Stepping ~*~*~tactically~*~*~ (cloud).
  4894 | D:6      | Reached skill level 10 in Ranged Weapons
  4899 | D:6      | Reached XP level 9. HP: 21/56 MP: 9/9
  4951 | D:6      | Found Dehunen's Weapon Emporium.
  4967 | D:6      | Noticed Pikel
  4968 | D:6      | 4968 ||| RETREEAATING.
  4969 | D:6      | 4969 ||| STILL RETREEAATING.
  4970 | D:6      | 4970 ||| STILL RETREEAATING.
  4990 | D:6      | Killed Pikel
  5352 | D:6      | 5352 ||| SWAPPING to +0 orcbow.
  5363 | D:6      | 5363 ||| DROPPING +2 shortbow.
  5513 | D:6      | 5513 ||| UPGRADING to +3 ring mail "Plog" {Contam rC-
                  | Regen+ MP+9}.
  5523 | D:6      | 5523 ||| DROPPING +0 troll leather armour {Pargi}.
  5524 | D:6      | 5524 ||| UPGRADING to scarf of resistance.
  5580 | D:6      | 5580 ||| READING 2 scrolls of identify.
  5580 | D:6      | 5580 ||| IDENTIFYING viscous yellow potion
  5588 | D:7      | Noticed Jeremiah
  5639 | D:7      | 5639 ||| FLEEEEING.
  5640 | D:7      | 5640 ||| STAIRDANCE
  5661 | D:7      | 5661 ||| STAIRDANCE
  5684 | D:7      | 5684 ||| STAIRDANCE
  5767 | D:7      | HP: 3/57 [Jeremiah/divine providence (15)]
  5771 | D:7      | Slain by Jeremiah

Levels and vault maps discovered:
D:1:      dpeg_arrival_short_road, layout_loops_ring
D:2:      layout_rooms
D:3:      layout_basic, mainiacjoe_overflow_alcove_1,
          mainiacjoe_overflow_concentric_impassable, biasface_ghost_orc_armoury,
          hellmonk_ecumenical_altar_crossroads, cheibrodos_sewer_entry_sluice,
          kennysheep_generic_room_14, uniq_jessica
D:4:      layout_layer_cave, mainiacjoe_overflow_surrounded_room,
          nzn_hepliaklqana_mist_gate, minmay_misc_feat_enclosed,
          kennysheep_generic_room_9
D:5:      layout_cave_pools, yredelemnul_altar_generic, general_overflow_altar
D:6:      minmay_skewed_foursquare, layout_basic, serial_shops,
          nicolae_shop_pleasant_corner_grove, uniq_pikel
D:7:      layout_rooms, minmay_temple_entry_steel_oval,
          nicolae_concentric_dashed_squares_mild, uniq_crazy_yiuf_cottage,
          uniq_jeremiah

Skill      XL: |  1  2  3  4  5  6  7  8  9 |
---------------+----------------------------+-----
Armour         | 1 |  1.0
Ranged Weapons | 5 6 7 8 10 | 10.3
Fighting       | 3 4 5 6 7 |  7.1
Dodging        | 2 4 |  4.4
Stealth        | |  1.1

Action                     |  1- 3 |  4- 6 |  7- 9 || total
---------------------------+-------+-------+-------++-------
   Fire: Shortbow          |   138 |   181 |   364 ||   683
         Orcbow            |       |       |    29 ||    29
    Use: Scroll            |     5 |     5 |    14 ||    24
         Potion            |       |     1 |     4 ||     5
 Armour: Leather armour    |    31 |       |       ||    31
         Ring mail         |    25 |    16 |    20 ||    61
         Robe              |       |    35 |       ||    35
         Troll leather arm |       |    45 |   176 ||   221
  Dodge: Dodged            |    49 |    46 |   178 ||   273

Table legend:
 A = Non-vault XP
 B = Vault XP
 C = Vault XP percentage of total XP
 D = Non-vault monster count
 E = Vault monster count
 F = Vault count percentage of total count
                 A         B        C        D         E       F
            +---------+---------+-------+---------+---------+-------
      Total |    2484 |     975 |  28.2 |     104 |      18 |  14.8
            +---------+---------+-------+---------+---------+-------
        D:1 |      28 |       0 |   0.0 |      16 |       0 |   0.0
        D:2 |     111 |       0 |   0.0 |      22 |       0 |   0.0
        D:3 |     106 |      48 |  31.2 |      14 |       6 |  30.0
        D:4 |     236 |       2 |   0.8 |      13 |       1 |   7.1
        D:5 |    1222 |       0 |   0.0 |      26 |       0 |   0.0
        D:6 |     781 |     789 |  50.3 |      13 |       4 |  23.5
      Sewer |       0 |     136 | 100.0 |       0 |       7 | 100.0
            +---------+---------+-------+---------+---------+-------
